 Dungeon Crawl Stone Soup version 0.29.1-15-g9cfb28693d (webtiles) character file.

Game seed: 17753489863073509726

3084 raph the Cleaver (level 9, 0/112 HPs)
             Began as a Hill Orc Berserker on Feb 21, 2023.
             Was a Priest of Trog.
             Killed by mirror damage (7 damage)
             ... on level 8 of the Dungeon.
             The game lasted 00:08:58 (10517 turns).

raph the Cleaver (Hill Orc Berserker)              Turns: 10517, Time: 00:08:59

Health: 0/112      AC: 15    Str: 20    XL:     9   Next: 89%
Magic:  9/9        EV:  9    Int:  7    God:    Trog [***...]
Gold:   308        SH:  0    Dex: 14    Spells: 8/8 levels left

rFire   . . .      SeeInvis .   C - +3 hand axe
rCold   . . .      Faith    .   (no shield)
rNeg    + . .      Spirit   .   E - +1 chain mail {rPois}
rPois   +          Reflect  .   t - +1 helmet
rElec   .          Harm     .   h - +1 cloak
rCorr   .          Rampage  .   (no gloves)
Will    +....                   (no boots)
Stlth   ..........              (no amulet)
HPRegen 0.28/turn               d - ring of willpower
MPRegen 0.11/turn               p - ring of positive energy

@: berserking, very quick
A: no striking features
a: Renounce Religion, Berserk, Trog's Hand


You were on level 8 of the Dungeon.
You worshipped Trog.
Trog was most pleased with you.
You visited 1 branch of the dungeon, and saw 8 of its levels.

You collected 308 gold pieces.

Inventory:

Hand Weapons
 a - a +2 hand axe
 C - a +3 hand axe (weapon)
Missiles
 b - 7 boomerangs (quivered)
 e - 2 throwing nets
 k - 5 poisoned darts
Armour
 h - a +1 cloak (worn)
 n - the +2 ring mail of the Lich-sworn {rF+}
   (You found it on level 4 of the Dungeon)

   rF:        It protects you from fire.
 t - a +1 helmet (worn)
 B - a scarf of resistance
 E - a +1 chain mail of poison resistance (worn)
Jewellery
 d - a ring of willpower (left hand)
 p - a ring of positive energy (right hand)
 H - a ring of flight
Wands
 l - a wand of roots (11)
 o - a wand of flame (29)
 s - a wand of light (11)
 D - a wand of mindburst (9)
 F - a wand of paralysis (10)
Scrolls
 g - 5 scrolls of identify
 m - 2 scrolls of fear
 q - a scroll of magic mapping
 y - a scroll of silence
 A - a scroll of brand weapon {unknown}
 G - a scroll of poison
Potions
 c - 7 potions of haste
 f - 3 potions of attraction
 i - 3 potions of might
 j - 2 potions of invisibility
 r - 2 potions of mutation
 u - 2 potions of curing
 v - a potion of cancellation {unknown}
 w - a potion of heal wounds {unknown}
 x - a potion of lignification {unknown}
 z - a potion of resistance {unknown}


   Skills:
 + Level 5.9 Fighting
 - Level 14.6 Axes
 + Level 3.3 Throwing
 + Level 4.7 Armour
 + Level 3.5 Dodging


You had 8 spell levels left.
You didn't know any spells.
Your spell library was empty.

Dungeon Overview and Level Annotations

Branches:
Dungeon (8/15)             Temple (0/1) D:5
   Lair: D:8-11

Altars:
Fedhas
Makhleb
Nemelex Xobeh
Qazlal
Ru
Trog
Yredelemnul

Shops:
D:6 *


Message History

You are too injured to fight recklessly!
You are too injured to fight recklessly!
You are too injured to fight recklessly!
You are too injured to fight recklessly!
You are too injured to fight recklessly!
You are too injured to fight recklessly!
You are too injured to fight recklessly!
You are too injured to fight recklessly!
You slash the death knight!
The death knight is heavily wounded.
You hit the orc. You completely miss something.
The death knight reflects your damage back at you!
Something hits you.
You hit the death knight but do no damage.
The death knight is heavily wounded.
You slash the orc!
You kill the orc!
Trog accepts your kill.
The death knight hits you with a +0 great sword!
* * * LOW HITPOINT WARNING * * *
You hit the death knight.
The death knight is heavily wounded.
You barely miss something.
The death knight reflects your damage back at you!
* * * LOW HITPOINT WARNING * * *
Something hits you but does no damage.
The centaur shoots an arrow.
The arrow hits you but does no damage.
You slash the death knight!
The death knight is severely wounded.
You barely miss something.
The death knight reflects your damage back at you!
* * * LOW HITPOINT WARNING * * *
Something hits you but does no damage.
The centaur shoots an arrow.
The arrow hits you!
* * * LOW HITPOINT WARNING * * *
You hit the death knight. You punch the death knight!
The death knight is severely wounded.
You barely miss something.
The death knight reflects your damage back at you!
You die...

+..... #....
#...#####
#...#...#
#...#...#
#...#...#
#####...#...#+####
#
#.......#p8.......
#
#.......#.@†...8..
#
#.......')..((....
.
#...#####..([!..##
# #...# .....$c..+
#.#
#...#....8......#
#..
#...#.........8.#
#..
#...#########...#
###.. ##.
#.)........ ...#
#.... ##..
#.......... ...#
#....


You could see a death knight (reflects damage) and a centaur.

Vanquished Creatures
  2 hornets
  Menkaure (D:4)
  2 water moccasins
  2 ice beasts
  2 black bears
  An ogre (D:5)
  A centaur (D:6)
  5 scorpions
  2 bullfrogs
  4 wights (D:7)
  5 killer bees (D:7)
  4 howler monkeys (D:7)
  8 hounds
  A jelly (D:5)
  Crazy Yiuf (D:6)
  3 orc priests
  4 iguanas
  5 orc wizards
  7 adders
  3 shadow imps
  A white imp (D:6)
  An ufetubus (D:5)
  4 worms
  4 dart slugs
  22 orcs
  5 ball pythons
  6 endoplasms
  4 giant cockroaches
  10 goblins
  8 hobgoblins
  3 kobolds
  4 quokkas
  6 bats
  5 frilled lizards
  5 rats
151 creatures vanquished.

Vanquished Creatures (others)
  2 fungi (D:5)
  6 plants (D:5)
8 creatures vanquished.

Grand Total: 159 creatures vanquished

Notes
Turn   | Place    | Note
-------+----------+-------------------------------------------
     0 | D:1      | raph the Hill Orc Berserker began the quest for the Orb.
     0 | D:1      | Reached XP level 1. HP: 19/19 MP: 1/1
   363 | D:1      | Reached XP level 2. HP: 17/26 MP: 2/2
   590 | D:1      | Reached skill level 5 in Axes
  1051 | D:1      | Reached XP level 3. HP: 31/31 MP: 3/3
  1599 | D:2      | Reached ** piety under Trog
  1712 | D:2      | Reached skill level 6 in Axes
  2152 | D:2      | Reached XP level 4. HP: 39/39 MP: 4/4
  2894 | D:3      | Found a sparkling altar of Nemelex Xobeh.
  3038 | D:3      | Reached skill level 7 in Axes
  3301 | D:3      | Found a sacrificial altar of Ru.
  3502 | D:4      | Found a basalt altar of Yredelemnul.
  3504 | D:4      | Noticed Menkaure
  3854 | D:4      | Reached XP level 5. HP: 21/45 MP: 5/5
  4206 | D:4      | Noticed a black bear
  4213 | D:4      | Killed a black bear
  4214 | D:4      | Reached skill level 8 in Axes
  4214 | D:4      | Reached XP level 6. HP: 51/51 MP: 6/6
  4333 | D:4      | Reached skill level 9 in Axes
  4398 | D:4      | Identified the +2 ring mail of the Lich-sworn {rF+}
  4774 | D:4      | Killed Menkaure
  4775 | D:4      | Reached skill level 10 in Axes
  4775 | D:4      | Reached XP level 7. HP: 14/57 MP: 7/7
  5413 | D:5      | Entered Level 5 of the Dungeon
  6074 | D:5      | Reached skill level 11 in Axes
  6230 | D:5      | Found a staircase to the Ecumenical Temple.
  6287 | D:5      | Reached *** piety under Trog
  6375 | D:5      | Reached skill level 12 in Axes
  6375 | D:5      | Reached XP level 8. HP: 64/64 MP: 8/8
  6832 | D:5      | Found a blossoming altar of Fedhas.
  6834 | D:5      | Found a stormy altar of Qazlal.
  7348 | D:6      | Reached skill level 13 in Axes
  8035 | D:6      | Found a runed translucent door.
  8036 | D:6      | Noticed Crazy Yiuf
  8043 | D:6      | Killed Crazy Yiuf
  8124 | D:6      | Reached skill level 14 in Axes
  8500 | D:6      | Found a burning altar of Makhleb.
  8562 | D:6      | Found Yffe's General Store.
  8692 | D:7      | Reached XP level 9. HP: 54/71 MP: 9/9
  8823 | D:7      | Found a bloodstained altar of Trog.
  8846 | D:7      | Reached skill level 1 in Throwing
  9033 | D:7      | Noticed a hornet
  9158 | D:7      | Killed a hornet
  9402 | D:7      | Reached skill level 5 in Fighting
  9862 | D:7      | Identified the +9 rapier "Kurinor" {drain, rElec rCorr}
 10123 | D:8      | Noticed a hornet
 10141 | D:8      | Killed a hornet
 10501 | D:8      | Noticed a death knight
 10517 | D:8      | Killed by mirror damage

Illustrated notes

Levels and vault maps discovered:
D:1:      amcnicky_arrival_single_pillar, layout_loops_corners, chequers_avenue,
          hangedman_glass_teeth, minivault_25
D:2:      layout_loops_ring
D:3:      layout_rooms, mainiacjoe_overflow_surrounded_room,
          nemelex_xobeh_ov_fountains_minmay,
          hangedman_abyss_or_decor_lesser_grid, kennysheep_big_empty_room,
          chequers_serial_rivers_marsh
D:4:      layout_loops_corners, mainiacjoe_overflow_concentric_impassable,
          kennysheep_generic_room_15, uniq_menkaure
D:5:      layout_basic, grunt_temple_overflow_forces_of_nature,
          minmay_temple_entry_antechambers, corexii_checkpoint_a,
          hangedman_decor_riveting, minmay_misc_feat_doors, st_stairs_13
D:6:      layout_rooms, makhleb_blood_cavern_becter, serial_shops,
          shop_fountains, uniq_crazy_yiuf_cottage
D:7:      layout_basic, bloody_trog, dreamdust_mushroom_princess
D:8:      kennysheep_blocky_room, layout_cave_pools, lemuel_doored_altar,
          lemuel_zombie_altar_kikubaaqudgha, serial_ice, serial_ice_e,
          serial_ice_i, serial_ice_g, serial_ice_a, corner_web_ring

Skill      XL: |  1  2  3  4  5  6  7  8  9 |
---------------+----------------------------+-----
Axes           | 5 6 7 8 10 12 14 | 14.6
Fighting       | 5 |  5.9
Throwing       | 3 |  3.3
Dodging        | 3 |  3.5
Armour         | 4 |  4.7

Action                   |  1- 3 |  4- 6 |  7- 9 || total
-------------------------+-------+-------+-------++-------
Melee: Hand axe          |   154 |   109 |   377 ||   640
       Punch             |     1 |     2 |     4 ||     7
Invok: Berserk           |       |     4 |    13 ||    17
  Use: Scroll            |     5 |     8 |     7 ||    20
 Stab: Sleeping          |     2 |       |       ||     2
       Invisible         |       |       |     1 ||     1
Armor: Animal skin       |     5 |       |       ||     5
       Leather armour    |    43 |    23 |       ||    66
       Ring mail         |       |     5 |    84 ||    89
       Chain mail        |       |       |    13 ||    13
Dodge: Dodged            |    72 |    47 |   131 ||   250
